 Dungeon Crawl Stone Soup version 0.32-a0-699-g1ee5eff69a (webtiles) character file.

Game seed: 17477991555502869339

2503 jasper the Cleaver (level 9, -3/80 HPs)
             Began as a Mountain Dwarf Berserker on Mar 13, 2024.
             Was a Believer of Trog.
             Slain by a killer bee (5 damage)
             ... on level 8 of the Dungeon.
             The game lasted 00:12:24 (8053 turns).

jasper the Cleaver (Mountain Dwarf Berserker)       Turns: 8053, Time: 00:12:25

Health: -3/80      AC: 16    Str: 23    XL:     9   Next: 28%
Magic:  9/9        EV:  8    Int:  9    God:    Trog [**....]
Gold:   474        SH:  0    Dex: 15    Spells: 8/8 levels left

rFire   . . .        a - +1 hand axe
rCold   . . .        (no shield)
rNeg    . . .        r - +3 plate armour
rPois   .            (no helmet)
rElec   .            (no cloak)
rCorr   .            (no gloves)
SInv    .            (no boots)
Will    ++...        (no amulet) Stlth
                     B - +6 ring of dexterity
HPRegen 1.33/turn    (no ring)
MPRegen 0.11/turn

%: no passive effects
@: lethally poisoned (-3 -> -5), about to teleport, strong-willed, on berserk
cooldown, regenerating, slowed, very slow
A: runic magic, artefact enchanting
a: Renounce Religion, Berserk, Trog's Hand


You were on level 8 of the Dungeon.
You worshipped Trog.
Trog was pleased with you.
You visited 1 branch of the dungeon, and saw 8 of its levels.

You collected 534 gold pieces.
You spent 60 gold pieces at shops.

Inventory:

Hand Weapons
 a - a +1 hand axe (weapon)
Missiles
 c - 57 stones (quivered)
 e - 4 atropa-tipped darts
 s - 2 javelins
 t - a throwing net
 v - 20 poisoned darts
 y - 5 darts of dispersal
Armour
 b - a +0 animal skin
 f - a +0 leather armour
 g - a +0 ring mail
 j - a +1 chain mail
 r - a +3 plate armour (worn)
Jewellery
 q - a +6 ring of intelligence
 B - a +6 ring of dexterity (left hand)
Talismans
 i - a talisman of death
Wands
 o - a wand of flame (14)
Scrolls
 h - a scroll of enchant weapon
 u - a scroll of teleportation
Potions
 d - 2 potions of curing
 k - a potion of degeneration {unknown}
 l - 3 potions of cancellation {unknown}
 m - a potion of brilliance {unknown}
 n - a potion of enlightenment {unknown}
 p - 3 potions of lignification {unknown}
 w - a potion of resistance {unknown}
 x - a potion of heal wounds {unknown}
 z - a potion of mutation {unknown}
 A - a potion of might {unknown}


   Skills:
 + Level 7.7 Fighting
 * Level 8.4 Axes
 + Level 7.0 Armour
 + Level 5.0 Dodging


You had 8 spell levels left.
You didn't know any spells.
Your spell library was empty.

Dungeon Overview and Level Annotations

Branches:
Dungeon (8/15)             Temple (0/1) D:5
   Lair: D:8-11

Altars:
Cheibriados
Nemelex Xobeh
Qazlal
Uskayaw
Wu Jian

Shops:
D:5 (

Annotations:
D:3 2 transporters, MiniTore's ghost, weakling DrSh


Innate Abilities, Weirdness & Mutations

Your spellcasting is much less encumbered by armour.
You can use scrolls of enchantment on lesser artefacts.


Message History

The killer bee barely misses you.
The killer bee stings you but does no damage. x3
The killer bee stings you.
* * * LOW HITPOINT WARNING * * *
The killer bee completely misses you. The killer bee stings you.
* * * LOW HITPOINT WARNING * * *
You are lethally poisoned!
The killer bee poisons you! The killer bee misses you.
The killer bee stings you but does no damage.
The killer bee misses you.
The killer bee stings you but does no damage. x2
The killer bee barely misses you. The gnoll hits you but does no damage.
The gnoll sergeant hits you from afar with a +1 spear of venom.
* * * LOW HITPOINT WARNING * * *
You are more poisoned.
The orc warrior hits you with a +0 war axe.
* * * LOW HITPOINT WARNING * * *
The killer bee barely misses you.
The killer bee stings you but does no damage.
The killer bee barely misses you.
The killer bee stings you but does no damage. x2
You take 9 damage, and have 1/80 hp.
You feel better. The killer bee closely misses you.
The killer bee stings you but does no damage.
The killer bee closely misses you. The killer bee stings you.
* * * LOW HITPOINT WARNING * * *
The killer bee closely misses you. x3; The killer bee barely misses you.
The killer bee closely misses you. The killer bee barely misses you.
The orc warrior barely misses you.
The killer bee stings you but does no damage.
The killer bee closely misses you. The gnoll hits you but does no damage.
The gnoll sergeant hits you but does no damage.
You are lethally poisoned!
The killer bee stings you but does no damage.
The killer bee closely misses you.
The killer bee stings you but does no damage.
The orc warrior hits you but does no damage.
The killer bee stings you but does no damage.
The killer bee stings you.
You die...

..###...#....(.
...#....#......
........#......
.............#
.............#
.......o....#######.
##..gyyy.....#.....
#..o.o@yg....#....
#....##yy..........
.## ##.).....#.
###.....# #.....##
#......## #.......##
##........##
#.....#†...##


You could see 2 orc warriors, a gnoll sergeant, 6 killer bees, a gnoll and an
orc.

Vanquished Creatures
  A steam dragon (D:7)
  2 water moccasins
  Duvessa (D:4)
  An orc warrior (D:6)
  2 black bears
  An ogre (D:6)
  3 centaurs
  A phantom (D:4)
  2 kobold brigands
  4 scorpions
  Dowan (D:4)
  5 killer bees
  2 howler monkeys (D:4)
  2 bombardier beetles
  A jelly (D:6)
  3 hounds
  7 orc wizards
  A sleepcap (D:6)
  2 iguanas
  6 gnolls
  7 adders
  6 dart slugs
  6 orcs
  4 ball pythons
  7 endoplasms
  4 giant cockroaches
  6 goblins
  7 hobgoblins
  3 quokkas
  3 training dummies (D:5)
  4 bats
  5 frilled lizards
  15 kobolds
  6 rats
131 creatures vanquished.

Notes
Turn   | Place    | Note
-------+----------+-------------------------------------------
     0 | D:1      | jasper the Mountain Dwarf Berserker began the quest for the
                  | Orb.
     0 | D:1      | Reached XP level 1. HP: 19/19 MP: 1/1
   138 | D:1      | Reached skill level 4 in Axes
   284 | D:1      | Reached XP level 2. HP: 22/26 MP: 2/2
   988 | D:2      | Reached XP level 3. HP: 28/33 MP: 3/3
  1835 | D:3      | Found a stormy altar of Qazlal.
  1906 | D:3      | Reached ** piety under Trog
  2119 | D:3      | Noticed a scorpion
  2228 | D:4      | Reached XP level 4. HP: 31/40 MP: 4/4
  2352 | D:4      | Noticed a scorpion
  2360 | D:4      | Killed a scorpion
  2361 | D:4      | Reached XP level 5. HP: 47/47 MP: 5/5
  2590 | D:4      | Found a sparkling altar of Nemelex Xobeh.
  2596 | D:4      | Noticed a phantom
  2616 | D:4      | Killed a phantom
  2617 | D:4      | Reached skill level 5 in Fighting
  2747 | D:4      | Noticed Dowan
  2747 | D:4      | Noticed Duvessa
  2755 | D:4      | Reached XP level 6. HP: 56/56 MP: 6/6
  2760 | D:4      | Killed Duvessa
  2761 | D:4      | Killed Dowan
  2832 | D:5      | Entered Level 5 of the Dungeon
  2924 | D:5      | Reached skill level 5 in Armour
  2924 | D:5      | Reached XP level 7. HP: 62/62 MP: 7/7
  3331 | D:5      | Found a staircase to the Ecumenical Temple.
  3935 | D:5      | Reached skill level 5 in Axes
  4037 | D:5      | Found Aleifasm's Firing Range.
  4042 | D:5      | Bought 2 javelins for 60 gold pieces
  4150 | D:6      | Found a snail-covered altar of Cheibriados.
  4201 | D:6      | Reached XP level 8. HP: 71/71 MP: 8/8
  4984 | D:3      | Found a transporter.
  4986 | D:3      | Noticed MiniTore's ghost (weakling DrSh)
  5467 | D:3      | Found a transporter.
  5843 | D:6      | Reached skill level 6 in Axes
  6250 | D:6      | Found a hide-covered altar of Uskayaw.
  6250 | D:6      | Found an ornate altar of the Wu Jian Council.
  6446 | D:6      | Reached skill level 7 in Axes
  7208 | D:7      | Reached XP level 9. HP: 70/79 MP: 9/9
  7910 | D:8      | Reached skill level 8 in Axes
  8045 | D:8      | Reached skill level 5 in Dodging
  8052 | D:8      | HP: 4/80 [killer bee (2)]
  8052 | D:8      | HP: 1/80 [orc warrior/+0 war axe (2)]
  8053 | D:8      | Slain by a killer bee

Illustrated notes

Levels and vault maps discovered:
D:1:      noname_arrival_rooms_in_the_neighbourhood, layout_basic
D:2:      layout_loops_corners, solitary_fountain
D:3:      layout_loops_corners, mainiacjoe_overflow_alcove_4,
          gammafunk_ghost_stat_death, minmay_misc_feat_chi,
          chequers_serial_rivers_small_3, serial_park_tiny_2, st_stairs_3
D:4:      layout_gridville, mainiacjoe_overflow_catwalk, uniq_duvessa
D:5:      layout_loops_cross, minmay_temple_entry_offerings,
          nicolae_shop_firing_range
D:6:      layout_layer_cave, overflow_temple_1_default, jmf_multi_god_temple
D:7:      layout_basic
D:8:      layout_cave_pools, trog_butcher_becter, erik_lair_dragon,
          nrook_mini_backslash, uniq_erica

Skill      XL: |  1  2  3  4  5  6  7  8  9 |
---------------+----------------------------+-----
Axes           | 4 5 7 8 |  8.4
Dodging        | 2 3 4 5 |  5.0
Fighting       | 4 5 6 7 |  7.7
Armour         | 3 4 5 6 7 |  7.0

Action                     |  1- 3 |  4- 6 |  7- 9 || total
---------------------------+-------+-------+-------++-------
  Melee: Hand axe          |   144 |    98 |   357 ||   599
  Throw: Stone             |     4 |       |     4 ||     8
         Dart              |       |       |     5 ||     5
 Invoke: Berserk           |       |     3 |     6 ||     9
         Trog's Hand       |       |     2 |     5 ||     7
Ability: Begin Untransform |     1 |       |       ||     1
    Use: Scroll            |     4 |       |     9 ||    13
         Potion            |       |       |     4 ||     4
 Armour: Animal skin       |    48 |       |       ||    48
         Ring mail         |    54 |       |       ||    54
         Leather armour    |     1 |       |       ||     1
         Chain mail        |     7 |    90 |   240 ||   337
         Plate armour      |       |       |   307 ||   307
  Dodge: Dodged            |    85 |    38 |   241 ||   364
   Form: Death             |     1 |       |       ||     1

Table legend: (Time is in decaauts)
 A = Elapsed time spent in this place.
 B = Non-inter-level travel time spent in this place.
 C = Inter-level travel time spent in this place.
 D = Time resting spent in this place.
 E = Time spent auto-exploring this place.
 F = Levels seen in this place.
 G = Mean time per level.
                   A        B        C        D        E       F      G
               +--------+--------+--------+--------+--------+-----+--------+
         Total |   8150 |   7826 |    324 |   1081 |   5328 |   8 | 1018.8 |
       Dungeon |   8150 |   7826 |    324 |   1081 |   5328 |   8 | 1018.8 |
               +--------+--------+--------+--------+--------+-----+--------+

Top non-repeatable levels by time:
     D:5: 1559 daAuts
     D:6: 1290 daAuts
     D:3: 1159 daAuts
     D:4: 1120 daAuts
     D:2: 1031 daAuts
     D:7: 1001 daAuts
     D:1: 930 daAuts
     D:8: 57 daAuts
